Map: Frozen Temple

Players

MufasaOsaka

  • Race: Terran Terran
  • League: Gold

capac - Winner!

  • Race: Terran Terran
  • League: Gold

VOD

Have the link to the VOD?

Description

Time

  • Played on: April 25, 2016, 10:30 p.m.
  • Length: 16:28
Show
View Real Time Build Order
Export as new Build Order

MufasaOsaka Terran 

Build Orders:  

Get SALT Encoding   

  12  0:02  SCV  
  13  0:14  SCV  
  14  0:21  Supply Depot  
  14  0:26  SCV  
  15  0:34  Refinery  
  15  0:45  Barracks  
  15  0:46  SCV  
  16  0:59  SCV  
  17  1:11  SCV  
  18  1:23  SCV  
  18  1:24  Refinery  
  19  1:44  Marine  
  20  1:52  Command Center  
  20  1:56  Supply Depot  
  20  2:16  Supply Depot  
  20  2:19  Barracks Reactor  
  19  2:33  Factory  
  19  2:47  Barracks  
  19  2:50  Barracks  
  19  2:51  Supply Depot  
  19  2:58  Marine x2  
  21  3:05  Orbital Command  
  21  3:19  Factory Tech Lab  
  21  3:20  Marine  
  21  3:21  Marine  
  23  3:38  Marine x2  
  23  3:39  Barracks Tech Lab  
  25  3:54  Starport, Barracks Reactor  
  25  4:00  Marine  
  26  4:02  Marine  
  27  4:14  Siege Tank  
  30  4:21  Marauder  
  32  4:26  Marine  
  32  4:27  Marine  
  34  4:41  Medivac  
  34  4:44  Marauder  
  38  4:48  Marine x2  
  40  4:53  Marine  
  35  5:24  Marine  
  35  5:25  Marine x4  
  35  6:14  Medivac  
  37  6:28  Command Center  
  31  6:44  Medivac  
  33  6:48  Marine x5  
  35  7:16  Starport Reactor  
  35  7:19  SCV  
  36  7:31  SCV  
  37  7:43  SCV  
  38  7:44  Orbital Command  
  38  7:53  Engineering Bay  
  38  7:56  SCV  
  39  8:02  Marine x2  
  39  8:03  Marine x3  
  44  8:08  SCV, Stimpack  
  45  8:20  SCV  
  29  8:36  Marine x4  
  29  8:37  Marine  
  29  8:38  Siege Tank  
  37  8:48  Missile Turret  
  37  8:53  SCV  
  37  8:54  Marine  
  37  8:55  SCV  
  40  9:05  SCV  
  41  9:10  Siege Tank, SCV  
  41  9:16  Marine  
  41  9:17  Marine, SCV  
  46  9:18  Marine x2  
  46  9:22  Terran Infantry Weapons Level 1, SCV  
  51  9:26  Medivac  
  51  9:29  Medivac  
  51  9:30  SCV  
  56  9:42  SCV x2  
  56  9:44  Refinery  
  58  9:48  Supply Depot  
  58  9:54  SCV  
  59  10:02  SCV  
  59  10:06  SCV  
  61  10:07  Refinery  
  61  10:09  Combat Shields  
  61  10:10  Armory, Medivac x2  
  61  10:14  Supply Depot, SCV  
  66  10:25  SCV  
  66  10:26  SCV  
  66  10:27  Marine  
  69  10:30  Marine  
  69  10:35  Marine  
  71  10:37  SCV  
  71  10:38  Supply Depot, SCV  
  71  10:42  Marine x2  
  74  10:49  SCV  
  76  11:24  Marine  
  76  11:25  Marine x4  
  81  11:26  Command Center  
  81  11:42  Marine x3  
  81  11:43  Marine x2  
  86  12:00  Marine x2  
  59  12:16  Marine x3  
  59  12:18  Marine x2, Siege Tank  
  67  12:29  Medivac x2  
  71  12:33  Terran Infantry Armor Level 1  
  71  12:34  Terran Vehicle Weapons Level 1, Marine x3  
  71  12:36  Marine x2  
  76  12:43  Engineering Bay  
  76  12:52  Marine x3  
  76  12:54  Marine x2  
  81  13:10  Marine x3  
  81  13:11  Marine  
  85  13:14  Marine  
  86  13:27  Marine  
  86  13:28  Marauder, Marine  
  86  13:29  Marine  
  86  13:30  Orbital Command  
  86  13:31  Marine  
  92  13:34  SCV  
  92  13:38  Siege Tank  
  96  13:45  Marine x2  
  96  13:47  Marine  
  99  13:50  Marauder  
  101  13:59  Terran Infantry Weapons Level 2  
  101  14:06  Marine  
  101  14:18  Marauder, Reaper, Marine x2  
  101  14:24  Marine  
  81  14:35  Marine  
  81  14:36  Marine  
  82  14:39  Marine  
  82  14:42  Marine  
  84  14:50  Marine  
  84  14:51  Siege Tank  
  88  14:53  Marine  
  88  14:54  Marine  
  88  14:57  Marauder  
  88  14:59  Marine  
  92  15:07  Marine  
  92  15:11  Marine x2  
  94  15:17  Marine  
  94  15:19  Marauder  
  97  15:23  Siege Tank  
  97  15:25  Marine  
  101  15:29  Marine  
  75  15:48  Marine, SCV  
  75  15:49  Marine x4  
  65  15:55  Siege Tank  
  51  16:06  Marine x2  
  51  16:07  Marine x3  
Show
View Real Time Build Order
Export as new Build Order

capac Terran - Winner!

Build Orders: MMM Bio, Banshee Rush 

Get SALT Encoding   

  12  0:01  SCV  
  13  0:13  SCV  
  14  0:18  Supply Depot  
  14  0:25  SCV  
  15  0:40  SCV  
  15  0:42  Barracks  
  16  0:46  Refinery  
  16  0:52  SCV  
  17  1:10  Supply Depot  
  17  1:12  SCV  
  18  1:24  SCV  
  19  1:35  Barracks  
  19  1:41  Refinery  
  19  1:49  Marine  
  19  1:53  Factory  
  20  1:59  Orbital Command  
  20  2:10  Barracks Reactor  
  20  2:15  Barracks Tech Lab  
  20  2:27  SCV  
  21  2:38  Factory Tech Lab  
  21  2:39  Starport, SCV  
  21  2:40  Marine x2  
  24  2:51  SCV  
  25  3:04  Marine x2  
  27  3:27  SCV  
  27  3:31  Cloaking Field  
  27  3:33  Banshee  
  31  3:38  Supply Depot  
  31  3:42  Factory Tech Lab  
  31  3:55  SCV  
  32  4:06  Command Center  
  32  4:07  SCV  
  32  4:08  Marine  
  34  4:17  Supply Depot  
  34  4:27  Banshee  
  34  4:30  Siege Tank  
  40  4:34  SCV  
  40  4:38  Stimpack  
  41  4:47  Engineering Bay, SCV  
  42  5:07  Liberator  
  42  5:13  Marine  
  43  5:26  Siege Tank  
  49  5:28  Marine  
  49  5:31  Marine  
  49  5:34  SCV  
  53  5:36  Missile Turret  
  53  5:39  Missile Turret  
  52  5:47  Barracks Tech Lab  
  52  5:49  Marine  
  53  5:55  Orbital Command  
  47  6:22  Missile Turret  
  47  6:28  SCV x2  
  46  6:37  Marine  
  46  6:38  Siege Tank  
  47  6:41  Medivac  
  47  7:10  Orbital Command  
  47  7:35  Command Center  
  47  7:37  Barracks  
  47  7:38  Barracks  
  47  7:39  Barracks  
  47  7:41  Barracks, Medivac  
  49  7:50  SCV x2  
  51  7:56  Missile Turret  
  51  8:01  Missile Turret  
  51  8:05  Marine  
  51  8:06  Marine  
  51  8:09  Combat Shields  
  53  8:13  Terran Infantry Weapons Level 1  
  53  8:23  Marine  
  38  8:38  SCV x2  
  38  8:40  Marine  
  38  8:41  Siege Tank  
  44  8:44  Barracks Reactor x3  
  44  9:07  SCV x2  
  46  9:12  Refinery x2, Marauder  
  46  9:13  Marauder  
  46  9:14  Medivac  
  52  9:18  Starport  
  52  9:19  SCV  
  52  9:20  Siege Tank  
  52  9:21  Starport  
  56  9:30  Marine x5  
  56  9:31  Marine  
  62  9:41  Orbital Command  
  62  9:57  Missile Turret  
  62  10:03  Barracks Reactor  
  66  10:07  Marauder x2, Marine x5  
  66  10:08  Marine  
  66  10:09  SCV x2  
  74  10:19  Starport Reactor x2  
  74  10:21  SCV x2  
  74  10:25  Medivac  
  74  10:28  Marauder x2  
  82  10:41  SCV x2  
  84  10:45  SCV  
  85  10:59  Supply Depot  
  85  11:02  Marine x4  
  85  11:03  Marauder, SCV x2  
  93  11:06  Supply Depot, Marine x4  
  93  11:07  Marauder, SCV  
  100  11:21  Factory, Siege Tank  
  100  11:24  Marauder, Marine x4  
  109  11:27  Marine x3  
  109  11:28  Marauder  
  109  11:31  Supply Depot  
  114  11:33  Supply Depot  
  114  11:36  Medivac  
  116  11:52  Medivac x2  
  97  12:12  Marine  
  97  12:13  Marine x5  
  97  12:14  Marauder x2, Marine  
  97  12:15  Marine, Liberator x3  
  109  12:19  Factory Tech Lab  
  109  12:30  Marine  
  109  12:35  Marauder x2  
  109  12:36  SCV  
  125  12:37  SCV x2  
  125  12:43  Refinery  
  126  12:49  SCV  
  127  12:58  Siege Tank x2  
  133  13:26  Liberator  
  133  13:33  Liberator  
  133  13:37  Terran Infantry Armor Level 1  
  133  13:40  Armory  
  133  13:45  Refinery  
  139  14:16  Liberator x4  
  123  14:30  Marine x3  
  123  14:31  Marine x3  
  125  14:32  Marauder  
  141  15:11  Marine x2  
  141  15:12  Marine x4  
  141  15:13  Marauder  
  149  15:25  Liberator  
  149  15:40  Marine  
  149  15:41  Marine x2  
Tags
 
Composition
MMM Bio
League
GoldGold
Matchup
TvT
Race
Terran
Strategy
Banshee Rush
Add a new tag
Caveats
  • Supply blocks, unpowered buildings, or Contaminate may cause inaccurate times.
  • Supply counts are checked every 10 seconds.